 Dungeon Crawl Stone Soup version 0.30.0-10-gfe55d96785 (webtiles) character file.

Game seed: 12549905374849717407

931 qw the Chopper (level 8, -7/49 HPs)
             Began as a Gargoyle Cinder Acolyte on May 18, 2023.
             Was an Elder of Ignis.
             Mangled by an iguana (9 damage)
             ... on level 5 of the Dungeon.
             The game lasted 00:01:40 (2538 turns).

qw the Chopper (Gargoyle Cinder Acolyte)            Turns: 2538, Time: 00:01:41

Health: -7/49      AC: 30    Str: 19    XL:     8   Next: 11%
Magic:  9/9        EV:  7    Int: 16    God:    Ignis [****..]
Gold:   82         SH:  0    Dex:  5    Spells: 9/9 levels left

rFire   + . .        Y - -1 hand axe (protect)
rCold   + . .        (no shield)
rNeg    + . .        h - +0 chain mail
rPois   inf          (no helmet)
rElec   +            (no cloak)
rCorr   .            d - +0 pair of gloves
SInv    .            (no boots)
Will    .....        (no amulet) Stlth
                     l - ring of protection from cold
HPRegen 0.28/turn    (no ring)
MPRegen 0.11/turn

%: no passive effects
@: under a protective aura, fiery-armoured
A: sickness immunity, AC +5, negative energy resistance 1, electricity
resistance, torment resistance 1, petrification resistance
a: Renounce Religion, Fiery Armour, Foxfire Swarm, Rising Flame


You were on level 5 of the Dungeon.
You worshipped Ignis.
Ignis was greatly pleased with you.
You visited 1 branch of the dungeon, and saw 5 of its levels.

You collected 82 gold pieces.


Innate Abilities, Weirdness & Mutations

You are immune to sickness and miasma.
Your stone body is resilient. (AC +5)
You are immune to poison.
You resist negative energy. (rN+)
You are resistant to electric shocks. (rElec)
You are resistant to unholy torment.
You are immune to petrification.


   Skills:
 - Level 5.0 Fighting
 + Level 7.3 Axes
 - Level 1.0 Throwing
 - Level 3.4 Armour
 - Level 1.0 Spellcasting
 - Level 3.0 Fire Magic


You had 9 spell levels left.
You didn't know any spells.
Your spell library contained the following spells:

 Spells                   Type           Power      Damage    Failure   Level
 Scorch                   Fire           20%        2d5       63%         2

Inventory:

Hand Weapons
 b - a +0 whip
 Y - a -1 hand axe of protection (weapon)
Missiles
 i - 3 boomerangs (quivered)
Armour
 d - a +0 pair of gloves (worn)
 h - a +0 chain mail (worn)
Jewellery
 l - a ring of protection from cold (left hand)
Scrolls
 a - a scroll of identify
Potions
 c - a potion of might
 f - a potion of degeneration {unknown}
 g - a potion of curing

Dungeon Overview and Level Annotations

Branches:
Dungeon (6/15)
 Temple: D:4-7

Altars:


Message History

You hit the iguana. You hit the ogre. The iguana barely misses you.
The iguana bites you.
You barely miss the iguana.
The iguana is moderately wounded.
You barely miss the iguana. You hit the ogre.
The ogre hits you with a +0 giant club! The iguana bites you.
The iguana barely misses you.
You hit the ogre.
The ogre is moderately wounded.
You barely miss the iguana. You hit the iguana. The iguana barely misses you.
The iguana bites you!
The ogre hits you with a +0 giant club!!
2535 ||| INVOKING Fiery Armour.
A protective cloak of flame settles atop you.
The iguana barely misses you. x2
You barely miss the ogre.
The ogre is moderately wounded.
You hit the iguana. You closely miss the iguana.
The ogre hits you but does no damage.
The ogre is burned by your cloak of flames.
The ogre is heavily wounded.
The iguana bites you.
The iguana bites you but does no damage.
The iguana is burned by your cloak of flames.
The iguana is heavily wounded.
You hit the ogre.
The ogre is severely wounded.
You closely miss the iguana. You barely miss the iguana.
The iguana barely misses you.
The iguana bites you but does no damage.
The iguana is burned by your cloak of flames.
The iguana is severely wounded.
You slash the ogre!
The ogre is almost dead.
You hit the iguana. You barely miss the iguana.
The ogre hits you with a +0 giant club.
The ogre is burned by your cloak of flames.
You kill the ogre!
The iguana bites you!
You die...

... .. ...
#.(##.##..
##...#..... #.
#......... ...
.........# ...#
.........#.....
#....l.......
#..l@......#
#...)......#
...............
#...#.(........
... ##....###..
## ...... .
.......
......$..


You could see 2 iguanas.

Vanquished Creatures
  An ice beast (D:6)
  An ogre (D:5)
  3 phantoms (D:6)
  A centaur (D:6)
  A kobold brigand (D:6)
  A bullfrog (D:6)
  A scorpion (D:6)
  A howler monkey (D:6)
  A bullfrog zombie (D:6)
  A centaur zombie (D:6)
  A hound (D:6)
  A jelly (D:6)
  2 sleepcaps (D:6)
  A killer bee zombie (D:6)
  A howler monkey skeleton (D:6)
  2 adders (D:2)
  6 dart slugs
  An orc (D:6)
  3 bats (D:1)
  3 endoplasms
  2 giant cockroaches
  13 goblins
  9 hobgoblins
  7 jackals
  6 kobolds
  A quokka (D:2)
  A ball python (D:1)
  10 frilled lizards
  5 rats
87 creatures vanquished.

Notes
Turn   | Place    | Note
-------+----------+-------------------------------------------
     0 | D:1      | qw the Gargoyle Cinder Acolyte began the quest for the Orb.
     0 | D:1      | Reached XP level 1. HP: 14/14 MP: 2/2
     0 | D:1      | 0 ||| qw: Version: 0.2-a-95-g916cea5
     0 | D:1      | 0 ||| qw: Game counter: 193
     0 | D:1      | 0 ||| qw: Always use a shield: true
     0 | D:1      | 0 ||| qw: God list: Okawaru
     0 | D:1      | 0 ||| qw: Allow faded altars: false
     0 | D:1      | 0 ||| qw: Do Orc after D:15 true
     0 | D:1      | 0 ||| qw: Do second Lair branch before Depths: true
     0 | D:1      | 0 ||| qw: Lair rune preference: random
     0 | D:1      | 0 ||| qw: Plans: Normal
     0 | D:1      | 0 ||| PLANNING D:1-11
    49 | D:1      | Reached skill level 3 in Axes
   116 | D:1      | Reached XP level 2. HP: 17/19 MP: 3/3
   184 | D:1      | 184 ||| Stepping ~*~*~tactically~*~*~ (hiding).
   216 | D:1      | 216 ||| Stepping ~*~*~tactically~*~*~ (hiding).
   219 | D:1      | 219 ||| Stepping ~*~*~tactically~*~*~ (hiding).
   221 | D:1      | 221 ||| Stepping ~*~*~tactically~*~*~ (hiding).
   222 | D:1      | 222 ||| Stepping ~*~*~tactically~*~*~ (hiding).
   225 | D:1      | 225 ||| Stepping ~*~*~tactically~*~*~ (hiding).
   409 | D:1      | Reached XP level 3. HP: 13/23 MP: 4/4
   502 | D:1      | 502 ||| Stepping ~*~*~tactically~*~*~ (stealth).
   505 | D:1      | 505 ||| INVOKING Fiery Armour.
   517 | D:1      | Reached skill level 4 in Axes
   853 | D:1      | 853 ||| UPGRADING to +0 chain mail.
   863 | D:1      | 863 ||| DROPPING +0 robe.
   864 | D:1      | 864 ||| UPGRADING to ring of protection from cold.
   865 | D:1      | 865 ||| READING 2 scrolls labelled GOLOXT JOFUCKO.
   866 | D:1      | 866 ||| READING scroll labelled RYRE MOCUST.
   867 | D:1      | 867 ||| READING scroll labelled JIACHI QUWIM.
   968 | D:1      | 968 ||| READING scroll labelled POFROIT VEWNEN.
   969 | D:1      | 969 ||| READING scroll labelled EHEADI ZOWKE.
   970 | D:1      | 970 ||| READING scroll labelled OWKYIR XUFI.
   971 | D:1      | 971 ||| DROPPING scroll of immolation.
  1041 | D:2      | Reached skill level 1 in Armour
  1082 | D:2      | Reached XP level 4. HP: 25/28 MP: 5/5
  1130 | D:2      | Reached skill level 1 in Throwing
  1173 | D:2      | 1173 ||| Stepping ~*~*~tactically~*~*~ (stealth).
  1174 | D:2      | 1174 ||| Stepping ~*~*~tactically~*~*~ (stealth).
  1436 | D:2      | 1436 ||| Stepping ~*~*~tactically~*~*~ (stealth).
  1742 | D:2      | 1742 ||| INVOKING Fiery Armour.
  1935 | D:2      | 1935 ||| READING 2 scrolls labelled ULIJOA YPAHYXT.
  1954 | D:2      | 1954 ||| READING scroll labelled ATIMED BEIMM.
  1959 | D:2      | 1959 ||| READING scroll labelled SACWAD SUHIG.
  1960 | D:2      | 1960 ||| DRINKING 2 amethyst potions.
  1961 | D:2      | 1961 ||| DROPPING scroll of torment.
  2000 | D:3      | You fall into a shaft and drop 3 floors!
  2004 | D:6      | Noticed a phantom
  2016 | D:6      | Killed a phantom
  2017 | D:6      | Reached skill level 5 in Axes
  2017 | D:6      | Reached XP level 5. HP: 30/32 MP: 6/6
  2064 | D:6      | Noticed a phantom
  2090 | D:6      | Killed a phantom
  2091 | D:6      | Reached XP level 6. HP: 36/39 MP: 7/7
  2215 | D:6      | 2215 ||| Stepping ~*~*~tactically~*~*~ (hiding).
  2228 | D:6      | Reached skill level 6 in Axes
  2228 | D:6      | Reached XP level 7. HP: 41/44 MP: 8/8
  2311 | D:6      | 2311 ||| INVOKING Fiery Armour.
  2312 | D:6      | HP: 10/44 [kobold brigand/+0 whip (3)]
  2316 | D:6      | Reached skill level 7 in Axes
  2326 | D:6      | 2326 ||| Stepping ~*~*~tactically~*~*~ (stealth).
  2337 | D:6      | HP: 11/44 [bullfrog zombie (2)]
  2426 | D:6      | 2426 ||| Stepping ~*~*~tactically~*~*~ (stealth).
  2427 | D:6      | 2427 ||| Stepping ~*~*~tactically~*~*~ (stealth).
  2428 | D:6      | 2428 ||| Stepping ~*~*~tactically~*~*~ (stealth).
  2440 | D:6      | Reached skill level 3 in Armour
  2440 | D:6      | Reached XP level 8. HP: 33/49 MP: 9/9
  2506 | D:6      | 2506 ||| UPGRADING to +0 pair of gloves.
  2511 | D:6      | 2511 ||| READING scroll labelled SYROD TASENOU.
  2512 | D:6      | 2512 ||| READING scroll labelled NUSOMP CESO.
  2513 | D:6      | 2513 ||| READING 2 scrolls of identify.
  2513 | D:6      | 2513 ||| IDENTIFYING purple potion
  2525 | D:5      | Entered Level 5 of the Dungeon
  2534 | D:5      | HP: 7/49 [ogre/+0 giant club (20)]
  2535 | D:5      | 2535 ||| INVOKING Fiery Armour.
  2538 | D:5      | HP: 2/49 [ogre/+0 giant club (3)]
  2538 | D:5      | Mangled by an iguana

Levels and vault maps discovered:
D:1:      saegor_arrival_simple_b, layout_loops_ring, minmay_tiny_reverse_x
D:2:      layout_basic, minmay_lizard_pond, uniq_robin
D:3:      layout_rooms, uniq_ijyb, uniq_crazy_yiuf_cottage
D:5:      layout_cave_pools, nicolae_overflow_crystal_walls, temple_fountains,
          serial_column_ruins, column_ruins_hut_ruined,
          column_ruins_columns_straight, column_ruins_open_tiny,
          column_ruins_open_medium, column_ruins_open_small,
          column_ruins_columns_straight, column_ruins_grid_2
D:6:      layout_cave_pools, lemuel_doored_altar, serial_undead,
          serial_undead_b, serial_undead_a, serial_undead_f, serial_undead_c

Skill      XL: |  1  2  3  4  5  6  7 |
---------------+----------------------+-----
Axes           | 3 4 5 6 7 |  7.3
Armour         | 1 2 3 |  3.4
Throwing       | 1 |  1.0
Fighting       | 4 5 |  5.0
Spellcasting   | |  1.0
Fire Magic     | |  3.0

Action                     |  1- 3 |  4- 6 |  7- 9 || total
---------------------------+-------+-------+-------++-------
  Melee: Hand axe          |   103 |   126 |    77 ||   306
         Punch             |       |     3 |       ||     3
  Throw: Javelin           |     6 |    27 |     2 ||    35
         Boomerang         |       |    11 |     4 ||    15
 Invoke: Fiery Armour      |     1 |     1 |     2 ||     4
    Use: Scroll            |     6 |     3 |     3 ||    12
         Potion            |       |     1 |       ||     1
 Armour: Robe              |    26 |       |       ||    26
         Chain mail        |    10 |    87 |    58 ||   155
  Dodge: Dodged            |    58 |    53 |    25 ||   136

Table legend:
 A = Non-vault XP
 B = Vault XP
 C = Vault XP percentage of total XP
 D = Non-vault monster count
 E = Vault monster count
 F = Vault count percentage of total count
                 A         B        C        D         E       F
            +---------+---------+-------+---------+---------+-------
      Total |    1065 |     381 |  26.3 |      64 |      23 |  26.4
            +---------+---------+-------+---------+---------+-------
        D:1 |      57 |       4 |   6.6 |      29 |       2 |   6.5
        D:2 |      61 |      21 |  25.6 |      20 |      15 |  42.9
        D:5 |     116 |       0 |   0.0 |       1 |       0 |   0.0
        D:6 |     831 |     356 |  30.0 |      14 |       6 |  30.0
            +---------+---------+-------+---------+---------+-------
